AoeStats
← [Massa] Edo

Arena

503925565Analyzed
2v2 RM · 29d ago on Sep 3, 2026· 36m 24s· 4 players
Game mode
Random Map
Map size
Medium (4 player)
Population
200
Speed
Normal
Resources
Standard
Victory
Conquest
Starting age
Dark Age
Ending age
Imperial Age
RankedLock teamsTeams togetherTeam positionsShared explorationLock speedFull tech treeHidden civsTurbo modeCheats
Victory
Defeat
🇧🇷 Goths · Brazil
1377
+17
🇦🇷 Bohemians · Argentina
1377
+17
🇨🇴 Bulgarians · Colombia
1395
-17
🇨🇴 Dravidians · Colombia
1394
-17
[Massa] Edo
4:06 Loom
8:25 Feudal Age
9:03 Double-Bit Axe
11:45 Man-at-Arms
13:38 Horse Collar
17:53 Wheelbarrow
22:10 Castle Age
20:47 Scale Mail Armor
21:01 Gold Mining
21:44 Forging
23:11 Chain Mail Armor
23:44 Hand Cart
24:26 Fletching
28:52 Bodkin Arrow
32:32 Imperial Age
30:51 Bow Saw
31:33 Heavy Plow
32:42 Iron Casting
34:09 Ballistics
36:16 Murder Holes
37:24 Blast Furnace
LemonPainter307
1:05 Loom
11:47 Feudal Age
17:08 Castle Age
15:31 Double-Bit Axe
16:03 Horse Collar
18:23 Heavy Plow
19:48 Fervor
21:29 Bow Saw
22:14 Wheelbarrow
22:40 Redemption
24:05 Sanctity
24:20 Heavy Plow
30:31 Imperial Age
29:43 Chemistry
31:42 Conscription
32:12 Siege Engineers
32:07 Town Watch
ACI Calvohp
9:21 Feudal Age
13:28 Castle Age
11:55 Double-Bit Axe
14:35 Bow Saw
20:21 Wheelbarrow
20:03 Loom
22:58 Hand Cart
24:09 Fletching
27:02 Gold Mining
27:30 Bodkin Arrow
31:48 Imperial Age
31:28 Stone Mining
31:43 Padded Archer Armor
31:29 Horse Collar
32:12 Masonry
32:39 Bracer
33:52 Chemistry
32:34 Elite Skirmisher
ACI jyarar
10:14 Feudal Age
10:20 Feudal Age
9:43 Loom
11:44 Horse Collar
11:52 Double-Bit Axe
12:22 Fletching
21:18 Forging
25:55 Castle Age
24:09 Gold Mining
27:23 Iron Casting
26:59 Bodkin Arrow
27:11 Squires
28:49 Scale Mail Armor
33:30 Imperial Age
32:39 Gold Shaft Mining
32:35 Arson
33:41 Chain Mail Armor
36:02 Plate Mail Armor
Connection lost

Rejoining the realm…

Still unreachable

The connection could not be restored.

Session expired

The server has moved on; the page needs a fresh start.